TOP OF THE 1ST |
Evansville Triplets batting - Pitching for Indianapolis Indians : RHP Andrew Muhlstock
|
Pitching: RHP Andrew Muhlstock
|
|
Batting: SHB Jose Mota
|
0-0: Called Strike 0-1: Called Strike 0-2: Ground out 6-3 (Groundball, 6M, EV 102.5 MPH)
|
Batting: RHB Cory Mihalic
|
0-0: Called Strike 0-1: Foul Ball, location: 2F 0-2: Ball 1-2: Ground out 6-3 (Groundball, 6M, EV 85.0 MPH)
|
Batting: RHB Richard Bass
|
0-0: Ball 1-0: Fly out, F4 (Popup, 34, EV 72.5 MPH)
|
Top of the 1st over - 0 runs, 0 hits, 0 errors, 0 left on base; Evansville 0 - Indianapolis 0 |
BOTTOM OF THE 1ST |
Indianapolis Indians batting - Pitching for Evansville Triplets : RHP Chris Codiroli
|
Pitching: RHP Chris Codiroli
|
|
Batting: LHB Kevin Schoendienst
|
0-0: Called Strike 0-1: Foul Ball, location: 2F 0-2: Ball 1-2: Ball 2-2: Ball 3-2: Foul Ball, location: 2F 3-2: Ground out 6-3 (Groundball, 6D, EV 79.4 MPH)
|
Batting: SHB Julio Estrada
|
0-0: Foul Ball, location: 2F 0-1: Ball 1-1: Ground out 6-3 (Groundball, 56, EV 91.9 MPH)
|
Batting: RHB Luis Gonzalez
|
0-0: Foul Ball, location: 2F 0-1: Ground out 1-3 (Groundball, 13, EV 66.3 MPH)
|
Bottom of the 1st over - 0 runs, 0 hits, 0 errors, 0 left on base; Evansville 0 - Indianapolis 0 |
TOP OF THE 2ND |
Evansville Triplets batting - Pitching for Indianapolis Indians : RHP Andrew Muhlstock
|
Batting: RHB Ron Kittle
|
0-0: Called Strike 0-1: Ball 1-1: Ground out 5-3 (Groundball, 5, EV 105.6 MPH)
|
Batting: LHB Luis Alfaro
|
0-0: Ball 1-0: Ground out 6-3 (Groundball, 4M, EV 106.3 MPH)
|
Batting: RHB Mike Allen
|
0-0: Fly out, F8 (Flyball, 78D, EV 81.3 MPH)
|
Top of the 2nd over - 0 runs, 0 hits, 0 errors, 0 left on base; Evansville 0 - Indianapolis 0 |
BOTTOM OF THE 2ND |
Indianapolis Indians batting - Pitching for Evansville Triplets : RHP Chris Codiroli
|
Batting: RHB Pat Rooney
|
0-0: Ball 1-0: Fly out, F4 (Popup, 34, EV 55.6 MPH)
|
Batting: LHB Roberto Ruiz
|
0-0: Ball 1-0: Called Strike 1-1: Foul Ball, location: 2F 1-2: Ball 2-2: Ball 3-2: Foul Ball, location: 2F 3-2: Base on Balls
|
Batting: SHB Bobby Ball
|
0-0: Ball 1-0: Ball 2-0: Called Strike 2-1: Foul Ball, location: 2F 2-2: Strikes out swinging Roberto Ruiz steals 2nd base Batter strikes out.
|
Batting: LHB James Maxwell
|
0-0: Swinging Strike 0-1: Fly out, F8 (Line Drive, 8LM, EV 90.6 MPH)
|
Bottom of the 2nd over - 0 runs, 0 hits, 0 errors, 1 left on base; Evansville 0 - Indianapolis 0 |
TOP OF THE 3RD |
Evansville Triplets batting - Pitching for Indianapolis Indians : RHP Andrew Muhlstock
|
Batting: RHB Ed Putman
|
0-0: Called Strike 0-1: Foul Ball, location: 2F 0-2: Ball 1-2: Ball 2-2: Strikes out swinging
|
Batting: RHB Jaden Smith
|
0-0: Ball 1-0: Called Strike 1-1: Fly out, F8 (Flyball, 89XD, EV 100.0 MPH)
|
Batting: RHB John Scott
|
0-0: Fly out, F8 (Line Drive, 8RD, EV 99.4 MPH)
|
Top of the 3rd over - 0 runs, 0 hits, 0 errors, 0 left on base; Evansville 0 - Indianapolis 0 |
BOTTOM OF THE 3RD |
Indianapolis Indians batting - Pitching for Evansville Triplets : RHP Chris Codiroli
|
Batting: RHB Robert Bonnette
|
0-0: Ball 1-0: Ball 2-0: Ball 3-0: Base on Balls
|
Batting: RHB Bill Lindsey
|
0-0: Called Strike 0-1: Foul Ball, location: 2F 0-2: Ball 1-2: Ball 2-2: Grounds into double play, 4-6-3 (Groundball, 4, EV 85.6 MPH)
|
Batting: LHB Kevin Schoendienst
|
0-0: Ball 1-0: Fly out, F5 (Popup, 5SF, EV 67.5 MPH)
|
Bottom of the 3rd over - 0 runs, 0 hits, 0 errors, 0 left on base; Evansville 0 - Indianapolis 0 |
TOP OF THE 4TH |
Evansville Triplets batting - Pitching for Indianapolis Indians : RHP Andrew Muhlstock
|
Batting: SHB Jose Mota
|
0-0: Fly out, F9 (Flyball, 89D, EV 90.6 MPH)
|
Batting: RHB Cory Mihalic
|
0-0: Called Strike 0-1: Ball 1-1: SINGLE (Line Drive, 9S, EV 90.6 MPH)
|
Batting: RHB Richard Bass
|
0-0: Called Strike 0-1: Ball 1-1: Called Strike 1-2: Ball 2-2: Strikes out swinging
|
Batting: RHB Ron Kittle
|
0-0: Called Strike 0-1: Ball 1-1: Foul Ball, location: 2F 1-2: Strikes out swinging
|
Top of the 4th over - 0 runs, 1 hit, 0 errors, 1 left on base; Evansville 0 - Indianapolis 0 |
BOTTOM OF THE 4TH |
Indianapolis Indians batting - Pitching for Evansville Triplets : RHP Chris Codiroli
|
Batting: SHB Julio Estrada
|
0-0: Foul Ball, location: 2F 0-1: Fly out, F6 (Popup, P, EV 86.9 MPH)
|
Batting: RHB Luis Gonzalez
|
0-0: Ground out 4-3 (Groundball, 4, EV 110.0 MPH)
|
Batting: RHB Pat Rooney
|
0-0: Called Strike 0-1: Swinging Strike 0-2: Ball 1-2: Foul Ball, location: 2F 1-2: Foul Ball, location: 2F 1-2: Strikes out swinging
|
Bottom of the 4th over - 0 runs, 0 hits, 0 errors, 0 left on base; Evansville 0 - Indianapolis 0 |
TOP OF THE 5TH |
Evansville Triplets batting - Pitching for Indianapolis Indians : RHP Andrew Muhlstock
|
Batting: LHB Luis Alfaro
|
0-0: Called Strike 0-1: Ground out 5-3 (Groundball, 25, EV 87.5 MPH)
|
Batting: RHB Mike Allen
|
0-0: Swinging Strike 0-1: Called Strike 0-2: Foul Ball, location: 2F 0-2: Ground out 5-3 (Groundball, 5, EV 100.6 MPH)
|
Batting: RHB Ed Putman
|
0-0: SINGLE (Groundball, 56D, EV 107.5 MPH)
|
Batting: RHB Jaden Smith
|
0-0: Ball 1-0: SINGLE (Line Drive, 34D, EV 105.0 MPH) Ed Putman to second Runner from 2nd tries for 3rd, OUT! 9-5
|
Top of the 5th over - 0 runs, 2 hits, 0 errors, 1 left on base; Evansville 0 - Indianapolis 0 |
BOTTOM OF THE 5TH |
Indianapolis Indians batting - Pitching for Evansville Triplets : RHP Chris Codiroli
|
Batting: LHB Roberto Ruiz
|
0-0: Foul Ball, location: 2F 0-1: Foul Ball, location: 2F 0-2: Foul Ball, location: 2F 0-2: Foul Ball, location: 2F 0-2: Fly out, F8 (Flyball, 8RS, EV 90.6 MPH)
|
Batting: SHB Bobby Ball
|
0-0: Called Strike 0-1: Ball 1-1: Ball 2-1: Foul Ball, location: 2F 2-2: Ground out 1-3 (Groundball, 25, EV 66.3 MPH)
|
Batting: LHB James Maxwell
|
0-0: Swinging Strike 0-1: Ball 1-1: Ball 2-1: Called Strike 2-2: Ball 3-2: Strikes out swinging
|
Bottom of the 5th over - 0 runs, 0 hits, 0 errors, 0 left on base; Evansville 0 - Indianapolis 0 |
TOP OF THE 6TH |
Evansville Triplets batting - Pitching for Indianapolis Indians : RHP Andrew Muhlstock
|
Batting: RHB John Scott
|
0-0: Ball 1-0: Ground out 4-3 (Groundball, 4, EV 97.5 MPH)
|
Batting: SHB Jose Mota
|
0-0: Swinging Strike 0-1: Foul Ball, location: 2F 0-2: Ball 1-2: Ball 2-2: Foul Ball, location: 2F 2-2: Foul Ball, location: 2F 2-2: Strikes out swinging
|
Batting: RHB Cory Mihalic
|
0-0: Ball 1-0: Foul Ball, location: 2F 1-1: Ball 2-1: Ground out 6-3 (Groundball, 6, EV 88.1 MPH)
|
Top of the 6th over - 0 runs, 0 hits, 0 errors, 0 left on base; Evansville 0 - Indianapolis 0 |
BOTTOM OF THE 6TH |
Indianapolis Indians batting - Pitching for Evansville Triplets : RHP Chris Codiroli
|
Batting: RHB Robert Bonnette
|
0-0: Fly out, F7 (Flyball, 7, EV 93.1 MPH)
|
Batting: RHB Bill Lindsey
|
0-0: Ground out 4-3 (Groundball, 4D, EV 103.1 MPH)
|
Batting: LHB Kevin Schoendienst
|
0-0: Ball 1-0: Ball 2-0: Ball 3-0: Base on Balls
|
Batting: SHB Julio Estrada
|
0-0: Called Strike Kevin Schoendienst steals 2nd base 0-1: Called Strike 0-2: Fly out, F4 (Line Drive, 4, EV 77.5 MPH)
|
Bottom of the 6th over - 0 runs, 0 hits, 0 errors, 1 left on base; Evansville 0 - Indianapolis 0 |
TOP OF THE 7TH |
Evansville Triplets batting - Pitching for Indianapolis Indians : RHP Andrew Muhlstock
|
Batting: RHB Richard Bass
|
0-0: Called Strike 0-1: Ball 1-1: Foul Ball, location: 2F 1-2: Foul Ball, location: 2F 1-2: Ball 2-2: Foul Ball, location: 2F 2-2: SINGLE (Line Drive, 9S, EV 95.0 MPH)
|
Batting: RHB Ron Kittle
|
0-0: Fly out, F8 (Flyball, 8RXD, EV 90.0 MPH) Runner from 1st tags up, SAFE at 2nd
|
Batting: LHB Luis Alfaro
|
0-0: Intentional Walk
|
Batting: RHB Mike Allen
|
0-0: Called Strike 0-1: Ball 1-1: Swinging Strike 1-2: Strikes out swinging
|
Batting: RHB Ed Putman
|
0-0: Swinging Strike 0-1: Ball 1-1: 3-RUN HOME RUN (Flyball, 9D, EV 106.3 MPH), Distance : 366 ft
|
Batting: RHB Jaden Smith
|
0-0: Ball 1-0: Ball 2-0: Ground out 6-3 (Groundball, 6, EV 104.4 MPH)
|
Top of the 7th over - 3 runs, 2 hits, 0 errors, 0 left on base; Evansville 3 - Indianapolis 0 |
BOTTOM OF THE 7TH |
Indianapolis Indians batting - Pitching for Evansville Triplets : RHP Chris Codiroli
|
Batting: RHB Luis Gonzalez
|
0-0: Ball 1-0: Ball 2-0: SINGLE (Line Drive, 8LS, EV 107.5 MPH)
|
Batting: RHB Pat Rooney
|
0-0: Ball 1-0: Foul Ball, location: 2F 1-1: Foul Ball, location: 2F 1-2: Strikes out looking
|
Batting: LHB Roberto Ruiz
|
0-0: Foul Ball, location: 2F 0-1: Fielders Choice at 2nd, 6-4 (Groundball, 6, EV 101.9 MPH)
|
Batting: SHB Bobby Ball
|
0-0: Ball 1-0: Ball 2-0: Ball 3-0: Called Strike 3-1: Called Strike 3-2: Strikes out swinging
|
Bottom of the 7th over - 0 runs, 1 hit, 0 errors, 1 left on base; Evansville 3 - Indianapolis 0 |
TOP OF THE 8TH |
Evansville Triplets batting - Pitching for Indianapolis Indians : RHP Andrew Muhlstock
|
Batting: RHB John Scott
|
0-0: Fly out, F7 (Flyball, 78S, EV 76.3 MPH)
|
Batting: SHB Jose Mota
|
0-0: Ground out U3 (Groundball, 3, EV 85.0 MPH)
|
Batting: RHB Cory Mihalic
|
0-0: Called Strike 0-1: Swinging Strike 0-2: Ball 1-2: Foul Ball, location: 2F 1-2: Ball 2-2: Fly out, F7 (Flyball, 7D, EV 95.6 MPH)
|
Top of the 8th over - 0 runs, 0 hits, 0 errors, 0 left on base; Evansville 3 - Indianapolis 0 |
BOTTOM OF THE 8TH |
Indianapolis Indians batting - Pitching for Evansville Triplets : RHP Chris Codiroli
|
Batting: LHB James Maxwell
|
0-0: Foul Ball, location: 2F 0-1: Ball 1-1: SINGLE (Line Drive, 8LS, EV 101.9 MPH)
|
Batting: RHB Robert Bonnette
|
0-0: Fly out, F9 (Flyball, 9LS, EV 88.8 MPH)
|
Batting: RHB Bill Lindsey
|
0-0: Grounds into double play, 5-4-3 (Groundball, 56S, EV 79.4 MPH)
|
Bottom of the 8th over - 0 runs, 1 hit, 0 errors, 0 left on base; Evansville 3 - Indianapolis 0 |
TOP OF THE 9TH |
Evansville Triplets batting - Pitching for Indianapolis Indians : RHP Andrew Muhlstock
|
Batting: RHB Richard Bass
|
0-0: Called Strike 0-1: Ground out U3 (Groundball, 34, EV 87.5 MPH)
|
Batting: RHB Ron Kittle
|
0-0: Called Strike 0-1: Foul Ball, location: 2F 0-2: Ball 1-2: Strikes out swinging, 2-3 out at first.
|
Batting: LHB Luis Alfaro
|
0-0: Ball 1-0: Ball 2-0: Ball 3-0: Called Strike 3-1: Ground out 6-3 (Groundball, 6MS, EV 71.9 MPH)
|
Top of the 9th over - 0 runs, 0 hits, 0 errors, 0 left on base; Evansville 3 - Indianapolis 0 |
BOTTOM OF THE 9TH |
Indianapolis Indians batting - Pitching for Evansville Triplets : RHP Chris Codiroli
|
Batting: LHB Kevin Schoendienst
|
0-0: Called Strike 0-1: Swinging Strike 0-2: Strikes out swinging
|
Batting: SHB Julio Estrada
|
0-0: Ball 1-0: Foul Ball, location: 2F 1-1: Called Strike 1-2: Foul Ball, location: 2F 1-2: Foul Ball, location: 2F 1-2: Fly out, F4 (Line Drive, 4, EV 71.9 MPH)
|
Batting: RHB Luis Gonzalez
|
0-0: Fly out, F8 (Flyball, 8RS, EV 88.8 MPH)
|
Bottom of the 9th over - 0 runs, 0 hits, 0 errors, 0 left on base; Evansville 3 - Indianapolis 0 |
|